 Dungeon Crawl Stone Soup version 0.31-a0-237-g2d982f9f85 (webtiles) character file.

Game seed: 13699717603831484029

34 qw the Shooter (level 3, -7/29 HPs)
             Began as a Minotaur Hexslinger on July 10, 2023.
             Mangled by Sigmund
             ... wielding a +0 scythe
              (8 damage)
             ... on level 2 of the Dungeon.
             The game lasted 00:00:22 (1078 turns).

qw the Shooter (Minotaur Hexslinger)                Turns: 1078, Time: 00:00:22

Health: -7/29      AC:  3    Str: 12    XL:     3   Next: 14%
Magic:  3/3        EV: 12    Int: 10    God:
Gold:   114        SH:  0    Dex: 14    Spells: 3/4 levels left

rFire   . . .        Y - +1 sling
rCold   . . .        (no shield)
rNeg    . . .        e - +0 leather armour
rPois   .            (helmet restricted)
rElec   .            (no cloak)
rCorr   .            (no gloves)
SInv    .            (no boots)
Will    .....        (no amulet)
Stlth   +            (no ring)
HPRegen 0.24/turn    (no ring)
MPRegen 0.08/turn

%: no passive effects
@: no status effects
A: horns 2, retaliatory headbutt
a: no special abilities


You were on level 2 of the Dungeon.
You visited 1 branch of the dungeon, and saw 2 of its levels.

You collected 114 gold pieces.


Innate Abilities, Weirdness & Mutations

You have a pair of horns on your head.
You reflexively headbutt those who attack you in melee.


   Skills:
 - Level 2.0 Fighting
 + Level 3.7 Ranged Weapons
 - Level 2.1 Dodging
 - Level 1.0 Spellcasting
 - Level 2.0 Hexes


You had 3 spell levels left.
You knew the following spells:

 Your Spells              Type           Power      Damage    Failure   Level
a - Slow                  Hex            16%        N/A       19%         1

Your spell library contained the following spells:

 Spells                   Type           Power      Damage    Failure   Level
 Inner Flame              Hex/Fire       2%         N/A       65%         3
 Portal Projectile        Hex/Tloc       4%         N/A       65%         3
 Cause Fear               Hex            2%         N/A       88%         4

Inventory:

Hand Weapons
 Y - a +1 sling (weapon)
Armour
 e - a +0 leather armour (worn)
Scrolls
 a - a scroll of identify {unknown}
 b - a scroll of blinking {unknown}
Potions
 c - a potion of brilliance {unknown}
 h - a potion of enlightenment {unknown}

Dungeon Overview and Level Annotations

Branches:
Dungeon (2/15)

Altars:

Annotations:
D:2 Sigmund


Message History

The sling bullet hits Sigmund but does no damage.
Sigmund misses you.
You shoot a sling bullet. The sling bullet barely misses Sigmund.
Sigmund gestures at you while chanting.
You are confused.
Sigmund laughs darkly.
Sigmund casts a spell.
Sigmund flickers and vanishes!
Deactivating autopickup; reactivate with Ctrl-A.
You shoot a sling bullet. Something hits you but does no damage.
You shoot a sling bullet. Something hits you.
You shoot a sling bullet. Something hits you but does no damage.
You shoot a sling bullet.
A magic dart appears from out of thin air!
The magic dart hits you.
You shoot a sling bullet.
You feel less confused.
A magic dart appears from out of thin air!
The magic dart hits you.
You shoot a sling bullet.
You hear some strange, mumbled words.
You are confused.
You shoot a sling bullet. Something hits you.
You shoot a sling bullet.
You hear some strange, mumbled words.
A puff of flame appears from out of thin air!
The puff of flame hits you.
You shoot a sling bullet. Something hits you!
You shoot a sling bullet.
You feel less confused.
You hear some strange, mumbled words.
Something tries to affect you, but you resist.
You shoot a sling bullet. Something hits you!
You die...

........#
#.#
........#
#.#
........#
#>#
#########
#.# #.#
#.# #.#
#.# #@#
#.# #.{
###. .# .
##


There were no monsters in sight!

Vanquished Creatures
  A dart slug (D:1)
  4 bats
  4 endoplasms (D:1)
  2 goblins (D:1)
  A hobgoblin (D:1)
  3 jackals (D:1)
  4 kobolds (D:1)
  2 quokkas (D:1)
  4 ball pythons
  3 frilled lizards (D:1)
  2 rats (D:2)
30 creatures vanquished.

Notes
Turn   | Place    | Note
-------+----------+-------------------------------------------
     0 | D:1      | qw the Minotaur Hexslinger began the quest for the Orb.
     0 | D:1      | Reached XP level 1. HP: 16/16 MP: 1/1
     0 | D:1      | 0 ||| qw: Version: 0.3-a-52-g30416fa
     0 | D:1      | 0 ||| qw: Game counter: 5173
     0 | D:1      | 0 ||| qw: Melee chars always use a shield: true
     0 | D:1      | 0 ||| qw: God list: Okawaru
     0 | D:1      | 0 ||| qw: Allow faded altars: false
     0 | D:1      | 0 ||| qw: Do Orc after clearing Dungeon:15 true
     0 | D:1      | 0 ||| qw: Do second Lair branch before Depths: true
     0 | D:1      | 0 ||| qw: Lair rune preference: random
     0 | D:1      | 0 ||| qw: Goals: Normal
     0 | D:1      | 0 ||| PLANNING D:1-11
    94 | D:1      | Reached skill level 3 in Ranged Weapons
    94 | D:1      | Reached XP level 2. HP: 23/23 MP: 2/2
   182 | D:1      | 182 ||| Stepping ~*~*~tactically~*~*~ (outnumbered).
   410 | D:1      | Reached XP level 3. HP: 25/29 MP: 3/3
   699 | D:1      | 699 ||| UPGRADING to +0 leather armour.
   709 | D:1      | 709 ||| DROPPING +0 robe.
   710 | D:1      | 710 ||| DROPPING scarf of shadows.
   711 | D:1      | 711 ||| DROPPING +6 ring of intelligence.
   712 | D:1      | 712 ||| READING scroll labelled EFROTSYZEM.
   713 | D:1      | 713 ||| READING scroll labelled TUOMUN YTABB.
   716 | D:1      | 716 ||| READING scroll labelled FEERUO RUTROIL.
   717 | D:1      | 717 ||| DROPPING scroll of poison.
  1064 | D:2      | Noticed Sigmund
  1076 | D:2      | HP: 1/29 [something (8)]
  1078 | D:2      | Mangled by Sigmund

Levels and vault maps discovered:
D:1:      saegor_arrival_simple_a, layout_basic, serial_corexii_hall,
          corexii_hall_statues_i, corexii_hall_statues_l
D:2:      layout_basic, uniq_sigmund

Skill      XL: |  1  2 |
---------------+-------+-----
Ranged Weapons | 3 |  3.7
Fighting       | 2 |  2.0
Dodging        | |  2.1
Spellcasting   | |  1.0
Hexes          | |  2.0

Action                     || total
---------------------------++-------
   Fire: Sling             ||    77
    Use: Scroll            ||     3
 Armour: Robe              ||     3
         Leather armour    ||     3
  Dodge: Dodged            ||    10

Table legend:
 A = Non-vault XP
 B = Vault XP
 C = Vault XP percentage of total XP
 D = Non-vault monster count
 E = Vault monster count
 F = Vault count percentage of total count
                 A         B        C        D         E       F
            +---------+---------+-------+---------+---------+-------
      Total |      49 |       0 |   0.0 |      30 |       0 |   0.0
            +---------+---------+-------+---------+---------+-------
        D:1 |      45 |       0 |   0.0 |      26 |       0 |   0.0
        D:2 |       4 |       0 |   0.0 |       4 |       0 |   0.0
            +---------+---------+-------+---------+---------+-------
